 Dungeon Crawl Stone Soup version 0.28-a0-1233-g92def6ad0a (webtiles) character file.

Game seed: 14357317415246462084

729 Lekart the Chopper (level 7, -1/54 HPs)
             Began as a Pale Draconian Chaos Knight on Dec 23, 2021.
             Was a Plaything of Xom.
             Slain by a hornet (13 damage)
             ... on level 5 of the Dungeon.
             The game lasted 00:06:07 (4232 turns).

Lekart the Chopper (Pale Draconian Chaos Knight)    Turns: 4232, Time: 00:06:07

Health: -1/54      AC:  7    Str: 16    XL:     7   Next: 44%
Magic:  0/7        EV: 14    Int: 13    God:    Xom [.....*]
Gold:   180        SH:  0    Dex: 16    Spells: 6/6 levels left

rFire   . . .      SeeInvis .   a - +1 hand axe (chaos)
rCold   + . .      Faith    .   (no shield)
rNeg    . . .      Spirit   +   (armour unavailable)
rPois   .          Reflect  .   (helmet restricted)
rElec   .          Harm     .   (no cloak)
rCorr   .          Rampage  .   (no gloves)
Will    .....      Clarity  +   b - +0 pair of boots
Stlth   ++........              e - amulet of guardian spirit
HPRegen 0.18/turn               (no ring)
MPRegen 0.10/turn               (no ring)

@: mighty, short of breath, slowed, very slow
A: breathe steam, AC +6, unfitting armour, cold-blooded, steam resistance,
hooves 1, camouflage 1, agile 2, clarity, cold resistance 1, frail 1, strong 1,
MP-powered wands
a: Breathe Steam, Renounce Religion


You were on level 5 of the Dungeon.
You worshipped Xom.
You were Xom's teddy bear.
You visited 1 branch of the dungeon, and saw 6 of its levels.

You collected 180 gold pieces.

Inventory:

Hand Weapons
 a - a +1 hand axe of chaos (weapon)
Missiles
 f - a throwing net (quivered)
Armour
 b - a +0 pair of boots (worn)
Jewellery
 e - an amulet of guardian spirit (around neck)
 k - a ring of flight
Potions
 c - a potion of attraction {unknown}
 d - a potion of might
 g - a potion of ambrosia
 h - 4 potions of curing {unknown}
 i - a potion of mutation
 j - 3 potions of heal wounds
 l - a potion of resistance {unknown}


   Skills:
 + Level 5.5 Fighting
 + Level 6.6 Axes
 + Level 4.2 Dodging


You had 6 spell levels left.
You didn't know any spells.
Your spell library contained the following spells:

 Spells                   Type           Power      Damage    Failure   Level
 Pain                     Necr           0%         1d4       30%         1
 Gell's Gravitas          Tloc           0%         N/A       67%         3
 Lesser Beckoning         Tloc           0%         N/A       67%         3
 Teleport Other           Tloc           0%         N/A       67%         3
 Agony                    Necr           0%         N/A       100%        5
 Excruciating Wounds      Necr           0%         N/A       100%        5


Dungeon Overview and Level Annotations

Branches:
Dungeon (6/15)
 Temple: D:4-7

Altars:
Nemelex Xobeh
Okawaru


Innate Abilities, Weirdness & Mutations

You can breathe blasts of scalding, opaque steam.
Your pale cyan-grey scales are hard. (AC +6)
You cannot fit into any form of body armour.
You are cold-blooded and may be slowed by cold attacks.
You are immune to the effects of steam.
You have large cloven feet.
Your skin changes colour to match your surroundings (Stealth+).
You are very agile. (Dex +4)
You possess an exceptional clarity of mind.
Your flesh is cold resistant. (rC+)
You are frail. (-10% HP)
Your muscles are strong. (Str +2)
You expend magic power (3 MP) to strengthen your wands.


Message History

Your Dodging skill increases to level 4!
You barely miss the wyvern.
The wyvern is almost dead.
You hit the orc. Lightning courses through the orc!!
You kill the orc!
The wyvern closely misses you.
The hornet stings you but does no damage.
Okay, then.
Aiming: Breathe Steam (1% risk of failure)
Press: ? - help, Shift-Dir - straight line, f - hornet
Aim: a hornet You exhale a blast of scalding steam.
The ball of steam hits the hornet.
The hornet is lightly wounded.
The wyvern barely misses you.
The hornet is engulfed in a cloud of scalding steam.
The hornet stings you.
You feel yourself slow down. The wyvern misses you.
You feel very mighty all of a sudden.
The hornet is engulfed in a cloud of scalding steam.
The hornet completely misses you.
The wyvern is engulfed in a cloud of scalding steam.
You kill the wyvern!
The hornet is engulfed in a cloud of scalding steam.
The hornet stings you!
You feel as though you will be slow longer.
The necrophage misses you.
The hornet is engulfed in a cloud of scalding steam.
The hornet stings you!
You feel as though you will be slow longer.
The hornet is engulfed in a cloud of scalding steam.
The hornet stings you!
* * * LOW HITPOINT WARNING * * *
You feel as though you will be slow longer.
The necrophage closely misses you. The hornet barely misses you.
You barely miss the hornet.
The hornet is almost dead.
You slash the necrophage!
The necrophage seems to grow stronger.
You barely miss the gnoll shaman. You hit the orc.
The orc is poisoned.
The hornet stings you!
You die...
Xom thinks this is hilarious!

............#....o§..y..##
.................§.h.....#
.................###....$..
...............<## #..o....
....#............###.......
....###......o.............
...........o......##.......
......§...og....####.......
.#......y@n....# #.......
##......†......# #.......
.#.............## #.......
..............##.. ........
##......)......... ........
.#................
...................
.....##.<..........
.....###..>........


You could see a hornet, a necrophage (strong), a gnoll shaman and 3 orcs.

Vanquished Creatures
  A wyvern (D:5)
  2 ogres
  A phantom (D:4)
  2 hounds (D:5)
  A gnoll shaman (D:3)
  An orc wizard (D:4)
  7 adders
  2 ufetubi (D:4)
  3 worms
  3 dart slugs
  7 orcs
  4 bats
  8 endoplasms
  4 giant cockroaches
  3 goblins
  4 hobgoblins
  4 quokkas
  9 ball pythons
  4 frilled lizards
  8 kobolds
  8 rats
86 creatures vanquished.

Vanquished Creatures (collateral kills)
  A gnoll (D:3)
  A dart slug (D:5)
2 creatures vanquished.

Grand Total: 88 creatures vanquished

Notes
Turn   | Place    | Note
-------+----------+-------------------------------------------
     0 | D:1      | Lekart the Draconian Chaos Knight began the quest for the
                  | Orb.
     0 | D:1      | Reached XP level 1. HP: 19/19 MP: 1/1
   229 | D:1      | XOM: divination: magic mapping
   290 | D:1      | Reached XP level 2. HP: 26/26 MP: 2/2
   682 | D:1      | Gained mutation: You possess an exceptional clarity of
                  | mind. [potion of mutation]
   682 | D:1      | Gained mutation: You are frail. (-10% HP) [potion of
                  | mutation]
   682 | D:1      | Gained mutation: Your skin changes colour to match your
                  | surroundings (Stealth+). [potion of mutation]
   682 | D:1      | Gained mutation: Your muscles are strong. (Str +2) [potion
                  | of mutation]
   796 | D:2      | XOM: silly message
   889 | D:2      | Reached XP level 3. HP: 6/29 MP: 3/3
  1393 | D:2      | XOM: divination: magic mapping
  1634 | D:2      | Reached XP level 4. HP: 36/36 MP: 4/4
  1808 | D:2      | XOM: divination: magic mapping
  1950 | D:2      | Reached skill level 4 in Axes
  2151 | D:3      | XOM: 2-stop teleportation journey
  2322 | D:3      | Found an iron altar of Okawaru.
  2410 | D:3      | XOM: confuse monster(s)
  2453 | D:3      | XOM: enchant monster (good)
  2462 | D:3      | XOM: summons friendly iron imp
  2484 | D:3      | Reached XP level 5. HP: 31/42 MP: 5/5
  3222 | D:3      | XOM: scenery: summon butterflies
  3323 | D:3      | XOM: give mutations
  3323 | D:3      | Gained mutation: Your flesh is cold resistant. (rC+) [Xom's
                  | grace]
  3323 | D:3      | Gained mutation: You have large cloven feet. [Xom's grace]
  3323 | D:3      | Gained mutation: You are agile. (Dex +2) [Xom's grace]
  3323 | D:3      | Gained mutation: You are very agile. (Dex +4) [Xom's grace]
  3441 | D:3      | XOM: give mutation
  3441 | D:3      | Gained mutation: You expend magic power (3 MP) to
                  | strengthen your wands. [Xom's grace]
  3514 | D:4      | Noticed a phantom
  3522 | D:4      | Banished a phantom
  3523 | D:4      | Reached skill level 5 in Axes
  3534 | D:4      | Killed a phantom
  3535 | D:4      | Reached XP level 6. HP: 47/47 MP: 6/6
  3757 | D:4      | XOM: scenery: 1 doors close
  3878 | D:4      | Reached skill level 5 in Fighting
  3917 | D:4      | You fall into a shaft and drop 2 floors!
  3945 | D:6      | Found a sparkling altar of Nemelex Xobeh.
  3990 | D:5      | Entered Level 5 of the Dungeon
  3993 | D:5      | XOM: enchant monster (good)
  4026 | D:5      | Reached skill level 6 in Axes
  4026 | D:5      | Your scales start taking on a pale cyan-grey colour.
  4026 | D:5      | Reached XP level 7. HP: 29/54 MP: 3/7
  4026 | D:5      | Gained mutation: You are immune to the effects of steam.
                  | [Pale Draconian growth]
  4207 | D:5      | Noticed a hornet
  4207 | D:5      | Noticed a wyvern
  4230 | D:5      | Killed a wyvern
  4232 | D:5      | Slain by a hornet

Illustrated notes

Levels and vault maps discovered:
D:1:      dpeg_arrival_windows_large_door, layout_rooms, serial_corexii_hall,
          corexii_hall_statues_i, corexii_hall_statues_l,
          corexii_hall_statues_x, chequers_hall_statues_y
D:2:      layout_basic
D:3:      minmay_thinvault, layout_basic, okawaru_gym_becter,
          grunt_decor_mini_mirrors
D:4:      layout_gridville
D:5:      layout_cave_pools, kennysheep_another_room, minmay_ruined_shrine
D:6:      layout_basic, mainiacjoe_overflow_six_doors_small,
          ashenzari_conservatory_becter, corexii_corridor_pit,
          kennysheep_generic_room_6, uniq_sigmund

Skill      XL: |  1  2  3  4  5  6  7 |
---------------+----------------------+-----
Fighting       | 4 5 |  5.5
Axes           | 4 5 6 |  6.6
Dodging        | 3 4 |  4.2

Action                   |  1- 3 |  4- 6 |  7- 9 || total
-------------------------+-------+-------+-------++-------
Melee: Hand axe          |    81 |   133 |     5 ||   219
       Tailslap          |     7 |     9 |       ||    16
 Abil: Breathe Steam     |       |       |     4 ||     4
  Use: Scroll            |     4 |     6 |       ||    10
       Potion            |     1 |     5 |     1 ||     7
 Stab: Sleeping          |     2 |     9 |       ||    11
       Confused          |       |     1 |       ||     1
Armor: Skin              |    25 |    48 |     1 ||    74
Dodge: Dodged            |    54 |    70 |     9 ||   133

Table legend: (Time is in decaauts)
 A = Elapsed time spent in this place.
 B = Non-inter-level travel time spent in this place.
 C = Inter-level travel time spent in this place.
 D = Time resting spent in this place.
 E = Time spent auto-exploring this place.
 F = Levels seen in this place.
 G = Mean time per level.
                   A        B        C        D        E       F      G
               +--------+--------+--------+--------+--------+-----+--------+
         Total |   4265 |   4225 |     40 |    855 |   2509 |   6 |  710.8 |
       Dungeon |   4265 |   4225 |     40 |    855 |   2509 |   6 |  710.8 |
               +--------+--------+--------+--------+--------+-----+--------+

Top non-repeatable levels by time:
     D:3: 1458 daAuts
     D:2: 1146 daAuts
     D:1: 913 daAuts
     D:4: 431 daAuts
     D:5: 242 daAuts
     D:6: 72 daAuts
